 Dungeon Crawl Stone Soup version 0.20.1-1-g8b1a95d (webtiles) character file.

66 vatarom the Scratcher (level 3, 0/15 HPs)
             Began as a Felid Transmuter on Sept 4, 2017.
             Slain by a worm (9 damage)
             ... on level 2 of the Dungeon.
             The game lasted 00:06:07 (2063 turns).

vatarom the Scratcher (Felid Transmuter)            Turns: 2063, Time: 00:06:08

Health: 0/15       AC:  2    Str:  7    XL:     3   Next: 96%
Magic:  4/7        EV: 21    Int: 14    God:
Gold:   90         SH:  0    Dex: 21    Spells: 0/6 levels left
                                        Lives:  0   Deaths: 0

rFire    . . .     SeeInvis +     - Unarmed
rCold    . . .     Gourm    .   (shield unavailable)
rNeg     . . .     Faith    .   (armour unavailable)
rPois    x         Spirit   .   (helmet unavailable)
rElec    .         Reflect  .   (cloak unavailable)
rCorr    .         Harm     .   (gloves unavailable)
MR       .....                  (boots unavailable)
Stlth    ++........             (no amulet)
Regen    0.1/turn               (no ring)
MPRegen  0.1/turn               (no ring)

@: spider-form (expiring)
A: no armour, no weapons or thrown items, stealth, see invisible, carnivore 3,
slow metabolism 1
a: End Transformation


You were on level 2 of the Dungeon.
You were completely stuffed.
You were a venomous arachnid creature.
You visited 1 branch of the dungeon, and saw 2 of its levels.

You collected 90 gold pieces.

Inventory:

Hand Weapons
 l - a +0 dagger
Missiles
 a - 27 arrows
Scrolls
 d - 3 scrolls of remove curse
 e - 3 scrolls of teleportation
 j - a scroll of identify
Potions
 g - a potion of heal wounds {unknown}
Books
 b - a book of Changes

   Spells                             Type                      Level
   a - Beastly Appendage              Transmutation                1
   b - Sticks to Snakes               Transmutation                2
   c - Spider Form                    Transmutation/Poison         3
   d - Ice Form                       Ice/Transmutation            4
   e - Blade Hands                    Transmutation                5
Comestibles
 c - 3 meat rations
 f - 2 royal jellies
 h - a chunk of flesh


   Skills:
 - Level 1.0 Fighting
 - Level 2.6 Dodging
 * Level 4.6 Unarmed Combat
 - Level 2.0 Spellcasting
 + Level 2.8 Transmutations


You couldn't memorise any spells.
You knew the following spells:

 Your Spells              Type           Power        Failure   Level  Hunger
a - Beastly Appendage     Tmut           #.....       21%         1    ##.....
b - Sticks to Snakes      Tmut           #.......     26%         2    ###....
c - Spider Form           Tmut/Pois      #.........   58%         3    ####...


Dungeon Overview and Level Annotations

Branches:
Dungeon (2/15)

Altars:
Yredelemnul
The Shining One


Innate Abilities, Weirdness & Mutations

You cannot wear armour.
You are incapable of wielding weapons or throwing items.
Your paws allow you to move quietly. (Stealth)
((You have sharp claws.))
((You have razor-sharp teeth.))
You have supernaturally acute eyesight. (SInv)
You are carnivorous and can eat meat at any time.
((You cover ground quickly.))
((You are covered in fur. (AC +1)))
You have a slow metabolism.
((Your sharp claws are effective at attacking unaware monsters.))


Message History

A worm comes into view.
Found 19 arrows.
Casting: Sticks to Snakes
Confirm with . or Enter, or press ? or * to list all spells.
You turn into a venomous arachnid creature.
A leopard gecko comes into view.
Your transformation is almost over.
The worm bites you.
You hit the worm.
The worm is poisoned.
The worm is lightly wounded.
You hit the worm.
The worm looks as sick as possible!
The worm is lightly wounded.
The worm barely misses you.
You hit the worm.
The worm looks as sick as possible!
The worm is moderately wounded.
You completely miss the worm.
The worm is moderately wounded.
The worm bites you!
Ouch! That really hurt!
You die...

.#.######...#.#.####.###
.#.#........#.#.# #.#
.#.#.##.###.#.#.# ###
..)...#.........#
#.)#..#.###.#...#
..........#.....#
#.#...#.#########
#.#...##################
#...............swl.....
####..#...#...#...#.(.#.
#........^...........
#..#...#...#...#...#. #
#.................... #
#..################## #
####


You could see a worm and a leopard gecko.

Vanquished Creatures
  2 adders (D:2)
  An ooze (D:1)
  2 leopard geckos
  3 bats
  2 giant cockroaches (D:2)
  10 goblins
  6 hobgoblins
  3 jackals
  6 kobolds (D:1)
  A ball python (D:2)
  3 frilled lizards
  3 rats
42 creatures vanquished.

Vanquished Creatures (collateral kills)
  A bat (D:2)
1 creature vanquished.

Grand Total: 43 creatures vanquished

Notes
Turn   | Place    | Note
-------+----------+-------------------------------------------
     0 | D:1      | vatarom the Felid Transmuter began the quest for the Orb.
     0 | D:1      | Reached XP level 1. HP: 9/9 MP: 4/4
   193 | D:1      | Reached XP level 2. HP: 8/12 MP: 4/6
   197 | D:1      | Learned a level 2 spell: Sticks to Snakes
   536 | D:1      | Reached skill level 4 in Unarmed Combat
   970 | D:1      | Reached XP level 3. HP: 15/15 MP: 5/7
  1307 | D:1      | Learned a level 3 spell: Spider Form
  1523 | D:2      | Found a basalt altar of Yredelemnul.
  1528 | D:2      | Found a glowing golden altar of the Shining One.
  1531 | D:2      | Noticed an angel
  1541 | D:2      | Noticed a profane servitor
  2063 | D:2      | Slain by a worm

Skill      XL: |  1  2 |
---------------+-------+-----
Unarmed Combat | 4 |  4.6
Fighting       | |  1.0
Dodging        | |  2.6
Spellcasting   | |  2.0
Transmutations | |  2.8

Action                   || total
-------------------------++-------
Melee: Unarmed           ||   139
       Headbutt          ||     6
       Bite              ||     7
       Punch             ||     1
 Cast: Beastly Appendage ||    13
       Sticks to Snakes  ||     5
       Spider Form       ||     1
  Use: Scroll            ||     4
       Potion            ||     4
 Stab: Sleeping          ||     3
  Eat: Chunk             ||    10
Armor: Skin              ||     5
Dodge: Dodged            ||   106
